 Dungeon Crawl Stone Soup version 0.21.1-1-g345015f (webtiles) character file.

648 nicolaieve the Cleaver (level 7, -3/58 HPs)
             Began as a Minotaur Berserker on June 21, 2018.
             Was a Priest of Trog.
             Shot with an arrow by a centaur (12 damage)
             ... on level 5 of the Dungeon.
             The game lasted 00:10:33 (3174 turns).

nicolaieve the Cleaver (Minotaur Berserker)         Turns: 3174, Time: 00:10:34

Health: -3/58      AC:  6    Str: 24    XL:     7   Next: 27%
Magic:  0/6        EV: 10    Int:  4    God:    Trog [***...]
Gold:   223        SH:  0    Dex:  9    Spells: 6/6 levels left

rFire    . . .     SeeInvis .   m - +2 hand axe (chop)
rCold    . . .     Gourm    .   (no shield)
rNeg     . . .     Faith    .   q - +0 scale mail
rPois    .         Spirit   +   (helmet restricted)
rElec    .         Reflect  .   s - scarf {Spirit}
rCorr    .         Harm     .   (no gloves)
MR       ++...                  (no boots)
Stlth    ..........             (no amulet)
HPRegen  1.19/turn              (no ring)
MPRegen  0.10/turn              (no ring)

@: regenerating
A: retaliatory headbutt, horns 2
a: Berserk, Trog's Hand, Burn Spellbooks, Renounce Religion


You were on level 5 of the Dungeon.
You worshipped Trog.
Trog was most pleased with you.
You were not hungry.

You visited 1 branch of the dungeon, and saw 5 of its levels.

You collected 223 gold pieces.

Inventory:

Hand Weapons
 a - a +0 hand axe
 m - a +2 hand axe of chopping (weapon)
Armour
 b - a +0 animal skin
 d - a +0 ring mail
 q - a +0 scale mail (worn)
 s - a scarf of spirit shield (worn)
Wands
 l - a wand of acid (4)
Scrolls
 e - 4 scrolls of identify {unknown}
 g - 2 scrolls of random uselessness {unknown}
 i - a scroll of enchant armour {unknown}
 k - a scroll of magic mapping {unknown}
 n - 2 scrolls of fog {unknown}
 o - 2 scrolls of amnesia {unknown}
 p - a scroll of enchant weapon {unknown}
 r - 3 scrolls of immolation {unknown}
 u - a scroll of noise {unknown}
Potions
 f - 2 potions of agility {unknown}
 h - a potion of haste {unknown}
 j - 2 potions of curing {unknown}
 t - a potion of cancellation {unknown}
Comestibles
 c - 10 rations


   Skills:
 + Level 3.8 Fighting
 + Level 10.1 Axes
 - Level 2.4 Armour
 - Level 2.2 Dodging


You had 6 spell levels left.
You didn't know any spells.

Dungeon Overview and Level Annotations

Branches:
Dungeon (5/15)
 Temple: D:4-7

Altars:
Okawaru
Trog
Vehumet


Innate Abilities, Weirdness & Mutations

You reflexively headbutt those who attack you in melee.
You have a pair of horns on your head.


Message History

You see here an arrow.
The centaur shoots an arrow.
The arrow hits you!
* * * LOW HITPOINT WARNING * * *
The centaur shoots an arrow.
The arrow closely misses you.
You see here an arrow.
Your skin crawls.
You feel resistant to hostile enchantments.
You feel quite a bit more hungry.
The centaur shoots an arrow.
The arrow hits you.
* * * LOW HITPOINT WARNING * * *
You see here an arrow.
The centaur shoots an arrow.
The arrow barely misses you.
You see here an arrow.
The centaur shoots an arrow.
The arrow barely misses you.
You see here an arrow.
The centaur shoots an arrow.
The arrow hits you!
* * * LOW HITPOINT WARNING * * *
You see here 2 arrows.
The centaur shoots an arrow.
The arrow hits you!
You die...

#...............#
#...........c...##
................#
##.........(.#
##...##....((##
##...###...(.(# ###
##...###...(...#
..######....##...(....#
................@.#...#
....<...........####..#
<..............## #..#
#####.........## #..# #
####.....## ##..#
####### #...# #..##
#..# #..#


You could see a centaur.

Vanquished Creatures
  Sigmund (D:3)
  5 wights (D:4)
  A centaur skeleton (D:4)
  A bullfrog skeleton (D:5)
  Natasha (twice) (D:3 D:5)
  2 worker ants
  4 adders
  2 worms
  2 dart slugs (D:1)
  4 leopard geckos
  11 orcs
  4 bats
  3 giant cockroaches
  9 goblins
  9 hobgoblins
  2 jackals (D:4)
  6 kobolds
  A quokka (D:2)
  2 ball pythons
  6 frilled lizards
  A leopard gecko skeleton (D:5)
  8 rats
86 creatures vanquished.

Notes
Turn   | Place    | Note
-------+----------+-------------------------------------------
     0 | D:1      | nicolaieve the Minotaur Berserker began the quest for the Orb.
     0 | D:1      | Reached XP level 1. HP: 19/19 MP: 0/0
   118 | D:1      | Reached skill level 4 in Axes
   124 | D:1      | Reached XP level 2. HP: 17/26 MP: 1/1
   188 | D:1      | Found an iron altar of Okawaru.
   565 | D:1      | Reached skill level 5 in Axes
   932 | D:2      | Reached XP level 3. HP: 31/31 MP: 2/2
  1241 | D:2      | Found a faded altar of an unknown god.
  1519 | D:3      | Noticed Sigmund
  1519 | D:3      | Noticed Natasha
  1524 | D:3      | Reached ** piety under Trog
  1524 | D:3      | Killed Natasha
  1524 | D:3      | Reached skill level 6 in Axes
  1524 | D:3      | Reached XP level 4. HP: 39/39 MP: 3/3
  1880 | D:3      | Killed Sigmund
  1880 | D:3      | Reached skill level 8 in Axes
  1880 | D:3      | Reached XP level 5. HP: 20/45 MP: 4/4
  1880 | D:3      | Reached XP level 6. HP: 23/51 MP: 5/5
  2801 | D:4      | Reached skill level 9 in Axes
  2810 | D:4      | Reached XP level 7. HP: 54/57 MP: 4/6
  2925 | D:4      | Reached *** piety under Trog
  2994 | D:4      | Found a bloodstained altar of Trog.
  3001 | D:4      | Found a radiant altar of Vehumet.
  3066 | D:5      | Entered Level 5 of the Dungeon
  3069 | D:5      | Noticed Natasha
  3076 | D:5      | Killed Natasha
  3076 | D:5      | Reached skill level 10 in Axes
  3174 | D:5      | Shot with an arrow by a centaur

Skill      XL: |  1  2  3  4  5  6  7 |
---------------+----------------------+-----
Axes           | 4 5 6 8 9 10 | 10.1
Fighting       | |  3.8
Armour         | |  2.4
Dodging        | |  2.2

Action                   |  1- 3 |  4- 6 |  7- 9 || total
-------------------------+-------+-------+-------++-------
Melee: Hand axe          |    67 |    70 |    12 ||   149
       Headbutt          |     9 |     9 |     3 ||    21
Invok: Berserk           |     2 |     2 |       ||     4
       Trog's Hand       |       |       |     1 ||     1
  Eat: Chunk             |     3 |     3 |     1 ||     7
       Ration            |       |     1 |     1 ||     2
Armor: Ring mail         |    18 |     9 |       ||    27
       Scale mail        |       |     7 |     2 ||     9
Dodge: Dodged            |    39 |    32 |     8 ||    79
